 Dungeon Crawl Stone Soup version 0.17.1-2-g5865329 (webtiles) character file.

13100734 ZiggyStardust the Grand Master (level 27, 273/273 HPs)
             Began as a Grey Draconian Fighter on Jan 26, 2016.
             Was the Champion of the Shining One.
             Escaped with the Orb
             ... and 15 runes on Feb 4, 2016!
             The game lasted 08:32:53 (123331 turns).

ZiggyStardust the Grand Master (DrFi)             Turns: 123331, Time: 08:32:54

Health: 273/273    AC: 28    Str: 19    XL:     27
Magic:  50/50      EV: 44    Int:  9    God:    the Shining One [******]
Gold:   6677       SH:  0    Dex: 24    Spells: 7 memorised, 12 levels left

rFire  . . .     SeeInvis .       - Unarmed
rCold  + . .     Clarity  .     (armour unavailable)
rNeg   + + +     SustAt   .     (no shield)
rPois  +         Gourm    +     W - +2 hat of the Dolphin {MR+ rCorr}
rElec  +         Spirit   .     R - +1 cloak "Sateul" {+Inv Regen+ rCorr Str-4}
rCorr  +         Warding  .     H - +2 pair of gloves {Str+3}
rMut   .         Stasis   .     s - +2 pair of boots {run}
MR     +++++                    o - amulet "Jeuma" {Gourm rPois MR++ MP+9 Int-4}
Stlth  +.........               y - ring "Xyuwey" {rElec EV+3 Dex+3}
                                z - ring of Harmony {rC+ EV+3 Int+3}

@: very slightly contaminated, glowing, quick, almost entirely resistant to
hostile enchantments, very unstealthy
A: walk through water, unfitting armour, big wings, unbreathing, cold-blooded,
subdued magic 1, AC +18
a: Fly, Divine Shield, Cleansing Flame, Summon Divine Warrior, Renounce
Religion, Evoke Invisibility
0: Orb of Zot
}: 15/15 runes: decaying, slimy, silver, golden, iron, obsidian, icy, bone,
abyssal, demonic, glowing, magical, fiery, dark, gossamer


You escaped.
You worshipped the Shining One.
The Shining One was exalted by your worship.
You were not hungry.

You visited 18 branches of the dungeon, and saw 95 of its levels.
You visited Pandemonium 3 times, and saw 24 of its levels.
You visited the Abyss 4 times.
You also visited: Labyrinth, Sewer, Ice Cave and Wizlab.

You collected 17737 gold pieces.
You spent 4861 gold pieces at shops.
You donated 6199 gold pieces to Zin.

Inventory:

Hand Weapons
 x - a +5 scythe of distortion
 U - the +6 Sword of Cerebov {flame}
   (You took it off Cerebov in Pandemonium)

   It has been specially enchanted to burn those struck by it, causing extra
   injury to most foes and up to half again as much damage against particularly
   susceptible opponents.
   Big, fiery blades are also staple armaments of hydra-hunters.
   The Shining One disapproves of the use of such an item.
Armour
 s - a +2 pair of boots of running (worn)
 H - a +2 pair of gloves of strength (worn)
 R - the +1 cloak "Sateul" (worn) {+Inv Regen+ rCorr Str-4}
   (Okawaru gifted it to you on level 8 of the Lair of Beasts)

   It affects your strength (-4).
   It lets you turn invisible.
   It increases your rate of regeneration.
   It protects you from acid and corrosion.
 W - the +2 hat of the Dolphin (worn) {MR+ rCorr}
   (Okawaru gifted it to you on level 2 of the Depths)

   It affects your resistance to hostile enchantments.
   It protects you from acid and corrosion.
Jewellery
 a - an uncursed amulet of resist corrosion
 o - the amulet "Jeuma" (around neck) {Gourm rPois MR++ MP+9 Int-4}
   (You took it off a vault guard on level 5 of the Vaults)

   [amulet of the gourmand]

   It allows you to eat raw meat even when not hungry.
   It affects your intelligence (-4).
   It protects you from poison.
   It affects your resistance to hostile enchantments.
   It affects your magic capacity (+9).
 r - an uncursed amulet of rage
 w - an uncursed ring of protection from fire
 y - the ring "Xyuwey" (right hand) {rElec EV+3 Dex+3}
   (You bought it in a shop on level 4 of the Orcish Mines)

   [ring of evasion]

   It affects your evasion (+3).
   It affects your dexterity (+3).
   It insulates you from electricity.
 z - the ring of Harmony (left hand) {rC+ EV+3 Int+3}
   (You took it off a minotaur in a labyrinth)

   [ring of evasion]

   It affects your evasion (+3).
   It affects your intelligence (+3).
   It protects you from cold.
 I - an uncursed amulet of warding
 L - the ring of Fiset {+/*Tele rN+ SInv}
   (You found it on level 3 of the Tomb of the Ancients)

   [ring of teleportation]

   It may teleport you next to monsters, and can be evoked to randomly teleport.
   It protects you from negative energy.
   It lets you see invisible.
 X - a +6 ring of protection
Wands
 u - a wand of teleportation (3)
 v - a wand of heal wounds (8)
 C - a wand of hasting (9)
 D - a wand of disintegration (5)
 G - a wand of hasting (8)
 Y - a wand of teleportation (7)
 Z - a wand of disintegration (17)
Scrolls
 f - 43 scrolls of remove curse
 l - 7 scrolls of identify
 p - 4 scrolls of vulnerability
 q - 12 scrolls of immolation
 t - 6 scrolls of teleportation
 B - 15 scrolls of enchant armour
 F - 7 scrolls of silence
 K - 17 scrolls of fear
 M - 2 scrolls of summoning
 P - 4 scrolls of recharging
 S - 6 scrolls of holy word
 T - 7 scrolls of fog
 V - 5 scrolls of magic mapping
Potions
 b - 4 potions of flight
 c - 7 potions of might
 e - 3 potions of magic
 h - 11 potions of brilliance
 i - 28 potions of curing
 j - a potion of heal wounds
 k - 14 potions of lignification
 m - 4 potions of agility
 A - 2 potions of resistance
 E - 7 potions of haste
 Q - 3 potions of cancellation
Miscellaneous
 n - a legendary deck of war {Repulsiveness, drawn: 1}
 O - a phantom mirror
Comestibles
 d - 12 bread rations
 J - 4 beef jerkies


   Skills:
 O Level 27 Fighting
   Level 11.9 Short Blades
 - Level 11.0 Polearms
 O Level 27 Dodging
 + Level 5.1 Stealth
   Level 11.2 Shields
 O Level 27 Unarmed Combat
 - Level 14.0 Spellcasting
 - Level 14.0 Charms
 - Level 24.0 Translocations
 - Level 20.7 Transmutations
 - Level 13.0 Air Magic
 O Level 27 Invocations
 - Level 8.0 Evocations


You had 12 spell levels left.
You knew the following spells:

 Your Spells              Type           Power        Failure   Level  Hunger
a - Blade Hands           Trmt           ####......   0%          5    #####..
b - Deflect Missiles      Chrm/Air       ###.......   3%          6    #######
c - Haste                 Chrm           ###.....     2%          6    #######
d - Dragon Form           Trmt           ####......   1%          7    #######
e - Controlled Blink      Tloc           N/A          2%          8    #######
f - Silence               Hex/Air        ##........   11%         5    #####..
g - Phase Shift           Tloc           ####......   0%          5    #####..


Dungeon Overview and Level Annotations

Branches:
Dungeon (15/15)            Temple (1/1) D:5            Lair (8/8) D:8
  Swamp (4/4) Lair:5       Spider (4/4) Lair:3        Slime (6/6) Lair:7
    Orc (4/4) D:9             Elf (3/3) Orc:4        Vaults (5/5) D:13
  Crypt (3/3) Vaults:2       Tomb (3/3) Crypt:3      Depths (5/5) D:15
   Hell (1/1)                 Dis (7/7) Hell            Geh (7/7) Hell
    Coc (7/7) Hell            Tar (7/7) Hell            Zot (5/5) Depths:5

Altars:
Ashenzari
Cheibriados
Dithmenos
Elyvilon
Fedhas
Gozag
Kikubaaqudgha
Makhleb
Nemelex Xobeh
Okawaru
Qazlal
Ru
Sif Muna
Trog
Vehumet
Xom
Yredelemnul
Zin
The Shining One
Beogh
Jiyva

Shops:
D:8 *   D:9 *   D:12 %?([[   D:15 }   Orc:3 :   Orc:4 *([=   Elf:2 }**%

Portals:
Hell: Depths:1 Depths:2 Depths:3 Depths:4 Depths:5
Abyss: Depths:1 Depths:4 Depths:5
Pandemonium: Depths:3 Depths:4
Ziggurat: Depths:1
Trove: D:13 (give wand of hasting (9))


Innate Abilities, Weirdness & Mutations

You can walk through water.
Your dull iron-grey scales are very hard (AC +18).
Your body does not fit into most forms of armour.
You can survive without breathing.
You are cold-blooded and may be slowed by cold attacks.
Your large and strong wings let you fly indefinitely.
Your spells are a little easier to cast, but a little less powerful.


Message History

You fly upwards.
There is a stone staircase leading down here.
You can't go up here!
Your transformation is almost over.
Your transformation has ended.
The +1 cloak "Sateul" {+Inv Regen+ rCorr Str-4} unmelds from your body.
The +2 hat of the Dolphin {MR+ rCorr} unmelds from your body.
Your +2 pair of gloves of strength unmelds from your body.
Your +2 pair of boots of running unmelds from your body.
You feel stronger.
You feel quick.
(D) Dungeon (T) Temple (L) Lair (S) Swamp (N) Spider Nest (M) Slime Pits (O) Orcish Mines (E) Elven Halls (V) Vaults (C) Crypt (W) Tomb (U) Depths (H) Hell (I) Dis (G) Gehenna (X) Cocytus (Y) Tartarus (Z) Zot
Where to? (Enter - D:1 @ (x,y), ? - help) Magic restored.
There is a staircase leading out of the dungeon here.
You have escaped!

##.#...#..# #........#
.#.#...#..####........#
.#.#...#..............#
.......#[........###..#
.......#.........# #..#
...#...#..#####..# #..#
..##...#..# #..###..#
..##...#..# #.......#
..######..# #.@.....#
..# #..# #.......#
#.######..# #...##..#
#.##...#..#####...##..#
#.#....#..............#
#......#..............#
.......#..............#
.......################
.........#


There were no monsters in sight!

Vanquished Creatures
  Cerebov (Pan)
  Antaeus (Coc:7)
  Asmodeus (Geh:7)
  the royal jelly (Slime:6)
  Dissolution (Slime:2)
  Ereshkigal (Tar:7)
  Gloorx Vloq (Pan)
  A seraph (D:5)
  the Serpent of Hell (Coc:7)
  Mnoleg (Pan)
  Lom Lobon (Pan)
  Dispater (Dis:7)
  8 ancient liches
  4 orbs of fire
  A juggernaut (Depths:4)
  10 pandemonium lords
  33 greater mummies
  Sojobo (Tomb:2)
  6 shard shrikes
  3 Killer Klowns
  the Lernaean hydra (Swamp:4)
  The ghost of Uhlv the Minotaur Barricade, a veteran MiBe of Trog (Vaults:5)
  3 curse toes
  2 caustic shrikes (Depths:4)
  Geryon (Hell)
  12 golden dragons
  A profane servitor (Crypt:3)
  29 Brimstone Fiends
  11 bone dragons
  2 electric golems (Zot:5)
  25 liches
  Rupert (D:13)
  21 Ice Fiends
  A hellephant (Hell)
  17 Hell Sentinels
  23 tentacled monstrosities
  17 titans
  4 deep elf blademasters
  7 deep elf master archers
  30 Orb Guardians
  11 Shadow Fiends
  12 ancient champions
  19 acid blobs
  4 eldritch tentacles
  2 quicksilver dragons
  3 octopode crushers
  7 death cobs
  9 sphinxes
  27 Executioners
  23 tentacled starspawn
  16 shadow dragons
  17 storm dragons
  A thorn hunter (Swamp:3)
  Kirke (Spider:4)
  7 tengu reavers
  7 azure jellies
  9 revenants
  3 blood saints (Pan)
  4 draconian monks
  A storm dragon (shapeshifter) (Vaults:5)
  15 vault wardens
  18 fire giants
  20 frost giants
  Donald (Elf:1)
  3 daevas
  17 iron dragons
  Maud (D:11)
  31 balrugs
  3 black suns
  6 ghost moths
  4 draconian knights
  7 deep elf sorcerers
  An orc warlord (Orc:3)
  3 draconian scorchers
  Aizul (Swamp:1)
  2 curse skulls (Pan)
  4 draconian shifters
  A juggernaut zombie (Crypt:1)
  7 emperor scorpions
  23 cacodemons
  7 draconian zealots
  10 warmongers
  43 stone giants
  6 draconian annihilators
  An ophan (Abyss:5)
  10 salamander firebrands
  24 ironheart preservers
  2 spriggan defenders
  2 ghouls (Crypt:1)
  34 very ugly things
  55 reapers
  5 elemental wellsprings (Coc:7)
  8 vampire knights
  2 corrupters (Pan)
  21 war gargoyles
  8 green draconians
  12 lorocyprocas
  Nessos (D:13)
  3 draconian callers
  10 deep elf annihilators
  6 chaos champions (Pan)
  6 deep elf demonologists
  10 mottled draconians
  A salamander stormcaller (Vaults:5)
  9 black draconians
  11 yellow draconians
  10 bennus
  8 purple draconians
  3 eidola
  9 white draconians
  17 ettins
  8 red draconians
  9 green deaths
  4 merfolk javelineers
  22 blizzard demons
  25 mummy priests
  10 deep elf death magi
  5 quicksilver dragon zombies
  A minotaur (shapeshifter) (Vaults:5)
  A minotaur (Lab)
  19 fire dragons
  13 death oozes
  25 ogre magi
  A fire dragon (shapeshifter) (Vaults:5)
  31 vault guards
  18 great orbs of eyes
  16 yaktaur captains
  Josephine (D:12)
  9 entropy weavers
  A great orb of eyes (shapeshifter) (Vaults:4)
  6 deep elf high priests
  11 jiangshi
  A kraken zombie (Coc:7)
  An anaconda (shapeshifter) (Vaults:5)
  Erolcha (Orc:1)
  36 ice dragons
  19 hydras
  4 quicksilver dragon skeletons
  2 death knights
  11 rakshasas
  7 spriggan air magi
  10 monstrous demonspawn (Pan)
  8 hell beasts
  6 ghost crabs
  18 dancing weapons
  11 centaur warriors
  8 alligators
  27 thrashing horrors
  14 deep troll earth magi
  3 tengu warriors
  8 death yaks
  28 hell hogs
  6 deep troll shamans
  An orc high priest (Orc:4)
  2 storm dragon zombies
  6 titan zombies
  6 holy swine (Pan)
  27 hell knights
  37 deep elf knights
  3 shock serpents (Pan)
  A fire crab (shapeshifter) (Depths:2)
  9 iron golems
  45 soul eaters
  3 vampire magi
  Nergalle (D:10)
  5 spriggan berserkers
  28 wretched stars
  97 skeletal warriors
  A titan skeleton (Tomb:2)
  A fire crab (Lair:6)
  A spatial maelstrom (Abyss:4)
  A salamander mystic (Geh:6)
  12 iron trolls
  A quicksilver dragon simulacrum (Crypt:1)
  11 shadow wraiths
  2 cherubim
  3 death drakes
  32 deep trolls
  2 sea snakes (shapeshifter) (Vaults:5)
  31 death scarabs
  3 storm dragon skeletons
  74 sun demons
  15 flayed ghosts
  67 ice devils
  3 golden dragon zombies
  11 unseen horrors
  11 gelid demonspawn (Pan)
  11 infernal demonspawn (Pan)
  A spriggan druid (Swamp:3)
  10 swamp dragons
  An unseen horror (shapeshifter) (Depths:5)
  15 torturous demonspawn
  11 anaconda zombies
  42 anubis guards
  2 shadow dragon zombies
  15 shadow demons
  88 starcursed masses
  8 deep elf summoners
  An obsidian statue (Zot:5)
  10 ironbrand convokers
  24 orc knights
  4 hill giants
  21 deep elf conjurers
  12 necromancers
  A shambling mangrove (Swamp:3)
  19 phantasmal warriors
  8 wizards
  3 giant orange brains
  5 harpies (Vaults:5)
  5 golden dragon skeletons
  9 anaconda skeletons
  5 wolf spider zombies
  3 hornets (shapeshifter)
  10 putrid demonspawn (Pan)
  7 orc sorcerers
  8 cyclopes
  24 wolf spiders
  A harpy (shapeshifter) (Elf:3)
  64 ugly things
  2 iron dragon zombies
  11 griffons
  3 shining eyes
  7 frost giant zombies
  A water nymph (shapeshifter) (Vaults:5)
  A salamander (shapeshifter) (Abyss:3)
  5 stone giant zombies
  11 hornets
  A lindwurm (shapeshifter) (Depths:3)
  8 fire giant zombies
  33 moths of wrath
  A shining eye (shapeshifter) (Vaults:2)
  19 salamanders
  2 mana vipers (shapeshifter)
  4 shadow dragon skeletons
  An elephant (shapeshifter) (Depths:2)
  3 iron dragon skeletons
  19 orb spiders
  A manticore (shapeshifter) (Depths:3)
  9 stone giant skeletons
  6 worldbinders
  5 elephants (Lair:8)
  6 guardian serpents
  64 smoke demons
  3 fire giant skeletons
  2 dire elephant zombies
  10 molten gargoyles
  2 shock serpent zombies
  A storm dragon simulacrum (Abyss:5)
  A black mamba (shapeshifter) (Depths:2)
  An eye of devastation (Slime:6)
  32 rust devils
  35 sixfirhies
  8 frost giant skeletons
  5 ice statues
  4 centaur zombies
  3 naga magi
  9 apocalypse crabs
  2 octopodes (shapeshifter)
  A torpor snail (Spider:3)
  Psyche (D:11)
  A titan simulacrum (Crypt:1)
  A torpor snail (shapeshifter) (Depths:3)
  12 vault sentinels
  2 gargoyles
  A sea snake zombie (Crypt:3)
  34 orange demons
  23 spiny frogs
  2 shock serpent skeletons
  A guardian serpent (shapeshifter) (Depths:4)
  4 dire elephant skeletons
  70 yaktaurs
  5 spectral swamp worms (Depths:5)
  2 kobold demonologists
  A catoblepas zombie (Crypt:3)
  28 tormentors
  17 demonic crawlers
  38 hellions
  An anaconda simulacrum (Coc:7)
  11 efreet
  10 komodo dragons
  An alligator snapping turtle skeleton (Crypt:2)
  18 hellwings
  7 black mambas
  A mottled draconian skeleton (Crypt:2)
  A white draconian skeleton (Crypt:1)
  A komodo dragon (shapeshifter) (Depths:4)
  2 emperor scorpion zombies
  5 fire drakes
  35 red devils
  9 trolls
  15 deep elf priests
  37 guardian mummies
  A purple draconian skeleton (Crypt:2)
  40 freezing wraiths
  A two-headed ogre (shapeshifter) (Vaults:5)
  14 hydra zombies
  17 jumping spiders
  2 sea snake skeletons
  6 tengu conjurers
  32 blue devils
  A trapdoor spider zombie (Crypt:1)
  3 polar bears
  19 ancient zymes
  A queen bee (Abyss:5)
  5 harpy zombies
  A silent spectre (Tar:7)
  A tengu simulacrum (Vaults:3)
  5 giant leeches
  6 hydra skeletons
  79 slime creatures
  35 blink frogs
  6 boulder beetles
  A snapping turtle (shapeshifter) (Depths:2)
  6 harpy skeletons
  A human simulacrum (Vaults:1)
  5 alligator zombies
  2 fire dragon zombies
  10 spriggans
  29 bog bodies
  44 raiju
  7 ushabtiu
  18 trapdoor spiders
  4 ettin zombies
  3 ice dragon zombies
  160 flying skulls
  4 ice dragon skeletons
  10 air elementals
  37 two-headed ogres
  2 trapdoor spiders (shapeshifter)
  7 ettin skeletons
  3 black mamba zombies
  27 shadows
  A stone giant simulacrum (Coc:7)
  An alligator skeleton (Hell)
  73 redbacks
  A tarantella (shapeshifter) (Depths:1)
  2 wyverns (Lair:8)
  A shock serpent simulacrum (Abyss:5)
  7 fire dragon skeletons
  10 hippogriffs
  26 water elementals
  31 wraiths
  A satyr skeleton (Crypt:3)
  24 deep elf magi
  5 steam dragons
  6 hogs (Spider:4)
  17 vampires
  15 fire elementals
  A black mamba skeleton (Tomb:3)
  44 ynoxinuls
  12 golden eyes
  18 humans (D:13)
  34 vampire mosquitoes
  22 tarantellas
  64 yaks
  7 basilisks
  36 deep elf fighters
  51 small abominations
  18 wolves
  24 spatial vortices
  6 wargs
  2 nagas
  46 chaos spawn
  6 hungry ghosts
  8 insubstantial wisps
  61 neqoxecs
  3 hydra simulacra
  29 swamp worms
  7 spiny frog zombies
  28 water moccasins
  74 hell hounds
  4 mottled dragons
  A spider (shapeshifter) (Depths:3)
  A water moccasin (shapeshifter) (Depths:2)
  4 sky beasts
  14 swamp drakes
  58 orc warriors
  81 large abominations
  A gelid demonspawn skeleton (Crypt:1)
  A hornet simulacrum (Vaults:1)
  13 porcupines
  18 eyes of draining
  36 spiders
  An alligator simulacrum (Coc:3)
  An ettin simulacrum (Vaults:1)
  A ghost crab zombie (Crypt:2)
  6 snapping turtle zombies
  5 spiny frog skeletons
  6 swamp dragon zombies
  2 manticore zombies
  16 necrophages
  92 ogres
  The ghost of ZiggyStardust the Skirmisher, an amateur DrFi (D:3)
  8 ice beasts
  6 black bears
  12 wasps
  3 phantoms
  6 manticore skeletons
  A snapping turtle skeleton (Geh:2)
  2 swamp dragon skeletons
  8 boggarts
  23 crocodiles
  12 big kobolds
  A big kobold (shapeshifter) (Depths:4)
  17 centaurs
  A brain worm (shapeshifter) (Vaults:5)
  Blork the orc (Orc:3)
  6 brain worms
  17 giant frogs
  3 water moccasin zombies
  5 gnoll sergeants
  An earth elemental (Abyss:5)
  A wyvern skeleton (D:8)
  A spiny frog simulacrum (Coc:7)
  A water moccasin skeleton (Crypt:3)
  2 scorpions
  A polar bear zombie (Crypt:1)
  2 snapping turtle simulacra
  A spriggan zombie (Crypt:3)
  5 electric eels
  26 killer bees
  52 wights
  15 crimson imps
  2 draconian simulacra (IceCv)
  12 hounds
  2 lava snakes (Lair:2)
  46 orc wizards
  A wyvern simulacrum (D:14)
  35 orc priests
  A giant frog zombie (D:6)
  A soldier ant zombie (Crypt:3)
  A gnoll shaman (D:9)
  Ijyb (D:3)
  9 centaur skeletons
  3 human zombies
  6 jellies
  11 quasits
  5 giant frog skeletons
  A human skeleton (Coc:2)
  38 iron imps
  A troll simulacrum (IceCv)
  6 iguanas
  An elf simulacrum (Vaults:2)
  A porcupine zombie (Crypt:3)
  16 worker ants
  A spriggan simulacrum (IceCv)
  A naga zombie (Coc:6)
  18 sheep
  A mottled dragon skeleton (Crypt:1)
  2 naga skeletons
  A crocodile skeleton (Crypt:2)
  60 mummies
  14 gnolls
  4 naga simulacra (IceCv)
  18 adders
  2 ogre simulacra (IceCv)
  16 white imps
  38 river rats
  11 shadow imps
  A swamp drake skeleton (Crypt:2)
  5 ufetubi
  3 oozes
  2 adder zombies
  A lava snake zombie (Crypt:1)
  A worm zombie (Crypt:1)
  2 adder skeletons
  4 worms
  5 giant geckos
  244 orcs
  3 ball pythons
  14 giant cockroaches
  9 goblins
  4 hobgoblins
  12 jackals
  43 kobolds
  4 quokkas
  9 bats
  5 giant newts
  A gnoll zombie (Crypt:3)
  A jackal zombie (D:8)
  A kobold skeleton (Geh:6)
  A kobold zombie (Dis:7)
  3 quokka skeletons
  12 rats
  A spectral orc (D:6)
  A briar patch (Swamp:3)
  A crawling corpse (Elf:2)
  4 fire vortices
  A fungus (Lair:8)
  A lurking horror (Abyss:5)
  A plant (Lair:7)
  15 starspawn tentacles
  2 tentacles (Coc:7)
6081 creatures vanquished.

Vanquished Creatures (others)
  A deep elf blademaster (Crypt:3)
  2 tengu reavers (Tomb:2)
  2 fire giants
  A lorocyproca (Abyss:4)
  2 bennus (Tomb:2)
  A rakshasa (Abyss:5)
  A deep troll earth mage (Depths:2)
  3 deep elf knights
  A skeletal warrior (Tomb:1)
  An ice devil (Abyss:5)
  2 anaconda zombies
  A death scarab (Tomb:2)
  A mana viper (Abyss:5)
  A deep elf conjurer (Elf:2)
  A frost giant zombie (Tomb:2)
  A sixfirhy (Abyss:5)
  A smoke demon (Abyss:1)
  A dire elephant skeleton (Tomb:1)
  An ancient zyme (Abyss:5)
  A hellwing (Pan)
  2 small abominations (Abyss:5)
  3 flying skulls (Tomb:2)
  2 large abominations (Abyss:5)
  A redback (Spider:3)
  A golden eye (Abyss:5)
  9 spatial vortices (Abyss:5)
  A hell hound (Dis:7)
  A spiny frog skeleton (Tomb:2)
  A necrophage (Geh:4)
  2 ogres
  A boggart (Depths:2)
  A centaur (Abyss:5)
  A killer bee (Abyss:5)
  3 wights (Geh:4)
  A crimson imp (Geh:7)
  A starcursed mass (Abyss:5)
  An orc wizard (Orc:4)
  3 iron imps (Dis:7)
  An iguana (Lair:8)
  An orc (Orc:1)
  2 briar patches (Swamp:3)
  A bush (Lair:7)
  2 crawling corpses
  74 eldritch tentacle segments
  13 fungi
  6 lost souls
  4 lurking horrors
  21 plants
  45 starspawn tentacles
  438 starspawn tentacle segments
  14 tentacles (Coc:7)
  142 tentacle segments (Coc:7)
825 creatures vanquished.

Grand Total: 6906 creatures vanquished

Notes
Turn   | Place    | Note
--------------------------------------------------------------
     0 | D:1      | ZiggyStardust the Draconian Fighter began the quest for the Orb.
     0 | D:1      | Reached XP level 1. HP: 19/19 MP: 1/1
   177 | D:1      | Reached XP level 2. HP: 23/26 MP: 2/2
  1102 | D:2      | Reached XP level 3. HP: 31/31 MP: 3/3
  1218 | D:2      | Found a burning altar of Makhleb.
  1226 | D:2      | Found a stormy altar of Qazlal.
  2217 | D:3      | Reached XP level 4. HP: 40/40 MP: 4/4
  2376 | D:3      | Noticed ZiggyStardust's ghost (amateur DrFi)
  2435 | D:3      | Noticed Ijyb
  2442 | D:3      | Killed Ijyb
  2442 | D:3      | Reached skill level 4 in Fighting
  2792 | D:3      | Found a bloodstained altar of Trog.
  2792 | D:3      | Noticed an eye of draining
  3121 | D:4      | Reached XP level 5. HP: 16/46 MP: 5/5
  3777 | D:4      | Reached XP level 6. HP: 50/53 MP: 6/6
  4511 | D:4      | Reached skill level 5 in Fighting
  4925 | D:3      | Killed an eye of draining
  4925 | D:3      | Your scales start taking on a dull iron-grey colour.
  4925 | D:3      | Gained mutation: You can survive without breathing. [Grey Draconian growth]
  4925 | D:3      | Reached XP level 7. HP: 61/61 MP: 0/7
  5481 | D:5      | Entered Level 5 of the Dungeon
  5493 | D:5      | Reached skill level 5 in Shields
  6210 | D:5      | Reached skill level 5 in Dodging
  6272 | D:5      | Found a shimmering altar of Xom.
  6592 | D:5      | Found a staircase to the Ecumenical Temple.
  6754 | Temple   | Entered the Ecumenical Temple
  6761 | Temple   | Became a worshipper of Warmaster Okawaru
  7074 | D:6      | Reached XP level 8. HP: 53/70 MP: 8/8
  7244 | D:6      | Found a basalt altar of Yredelemnul.
  7282 | D:6      | Reached skill level 6 in Fighting
  7282 | D:6      | Reached skill level 5 in Polearms
  7301 | D:6      | Found a glowing drain.
  7317 | Sewer    | Entered a sewer
  7768 | D:6      | Reached * piety under Okawaru
  8745 | D:7      | Reached skill level 7 in Fighting
  8792 | D:7      | Got a wavering lead ring
  8993 | D:7      | Reached XP level 9. HP: 50/79 MP: 9/9
  9014 | D:7      | Reached ** piety under Okawaru
  9360 | D:8      | Identified the ring "Uwuxzo Guru" {Str+3 Stlth+} (You found it on level 7 of the Dungeon)
  9464 | D:8      | Found Juavuq's General Store.
  9471 | D:8      | Bought a potion of haste for 140 gold pieces
  9471 | D:8      | Bought a scroll of silence for 105 gold pieces
  9471 | D:8      | Bought a scroll of torment for 105 gold pieces
  9616 | D:8      | Found a staircase to the Lair.
  9828 | D:8      | Found a shattered altar of Ashenzari.
 10107 | D:9      | Reached skill level 8 in Fighting
 10497 | D:9      | Found Gozag's Platinum Reserve.
 10502 | D:9      | Found an opulent altar of Gozag.
 10576 | D:9      | Reached *** piety under Okawaru
 11046 | D:9      | Reached XP level 10. HP: 89/89 MP: 10/10
 11222 | D:9      | Found a staircase to the Orcish Mines.
 11354 | D:9      | Reached **** piety under Okawaru
 11354 | D:9      | Reached skill level 9 in Fighting
 11584 | D:10     | Entered Level 10 of the Dungeon
 11903 | D:10     | Reached ***** piety under Okawaru
 12170 | D:10     | Noticed a hill giant
 12194 | D:10     | Killed a hill giant
 12507 | D:10     | Reached XP level 11. HP: 53/98 MP: 11/11
 12515 | D:10     | Reached skill level 10 in Fighting
 12838 | D:10     | Noticed Nergalle
 12866 | D:10     | Killed Nergalle
 13115 | D:11     | Noticed a hill giant
 13148 | D:11     | Killed a hill giant
 13390 | D:11     | Reached ****** piety under Okawaru
 13441 | D:11     | Noticed Psyche
 13450 | D:11     | Killed Psyche
 13450 | D:11     | Received a gift from Okawaru
 13711 | D:11     | Noticed Maud
 14200 | D:12     | Noticed a skeletal warrior
 14200 | D:12     | Noticed a skeletal warrior
 14200 | D:12     | Noticed a skeletal warrior
 14200 | D:12     | Noticed a skeletal warrior
 14200 | D:12     | Noticed a skeletal warrior
 14699 | D:8      | Reached skill level 11 in Fighting
 14794 | D:11     | Reached skill level 10 in Shields
 14876 | D:10     | HP: 1/101 [slime creature (9)]
 15278 | D:12     | Noticed Josephine
 15294 | D:12     | Killed Josephine
 15320 | D:12     | Reached skill level 10 in Polearms
 15332 | D:12     | Reached XP level 12. HP: 110/110 MP: 12/12
 15336 | D:12     | Found Pouman's Armour Boutique.
 15406 | D:12     | Found Sittigu's Antique Weapon Shoppe.
 15417 | D:12     | Got an iridescent glaive
 15421 | D:12     | Identified the +5 glaive of Generosity {chop, rPois Int+7} (You found it on level 12 of the Dungeon)
 15780 | D:9      | Killed a skeletal warrior
 16504 | Lair:1   | Entered Level 1 of the Lair of Beasts
 16525 | Lair:1   | Reached skill level 10 in Dodging
 16663 | Lair:1   | Received a gift from Okawaru
 16752 | Lair:1   | Found a labyrinth entrance.
 16753 | Lair:1   | You fall through a shaft!
 16939 | Lab      | Entered a labyrinth
 17104 | Lab      | Noticed a minotaur
 17132 | Lab      | Killed a minotaur
 17135 | Lab      | Got a bound jade ring
 17367 | Lair:1   | Reached skill level 12 in Fighting
 17855 | Lair:1   | Learned a level 5 spell: Blade Hands
 17997 | Lair:2   | Received a gift from Okawaru
 17999 | Lair:2   | Identified the ring of Harmony {rC+ EV+3 Int+3} (You took it off a minotaur in a labyrinth)
 18499 | Lair:2   | Reached skill level 1 in Unarmed Combat
 19262 | Lair:3   | Reached skill level 1 in Transmutations
 19356 | Lair:3   | Reached XP level 13. HP: 104/119 MP: 13/13
 19394 | Lair:3   | Found a hole to the Spider Nest.
 20105 | Lair:4   | Reached skill level 5 in Transmutations
 21523 | Lair:5   | Received a gift from Okawaru
 21567 | Lair:5   | Found a staircase to the Swamp.
 22005 | Lair:5   | Got an ichor-stained shield
 22022 | Lair:5   | Identified the +3 shield of Poexko {-Cast rF+ Int+4 Dex+3} (You found it on level 5 of the Lair of Beasts)
 22338 | Lair:5   | Reached skill level 10 in Transmutations
 22622 | Lair:6   | Received a gift from Okawaru
 22623 | Lair:6   | Got a shimmering longbow {god gift}
 23488 | Lair:7   | Found a staircase to the Slime Pits.
 23878 | Lair:7   | Reached XP level 14. HP: 51/127 MP: 14/14
 24656 | Lair:8   | Entered Level 8 of the Lair of Beasts
 24907 | Lair:8   | Gained mutation: You are resistant to hostile enchantments. [potion of beneficial mutation]
 24929 | Lair:8   | Received a gift from Okawaru
 25303 | Lair:8   | Got a brightly glowing cloak {god gift}
 25309 | Lair:8   | Identified the +1 cloak "Sateul" {+Inv Regen+ rCorr Str-4} (Okawaru gifted it to you on level 8 of the Lair of Beasts)
 25540 | Lair:8   | Learned a level 6 spell: Deflect Missiles
 25700 | Lair:8   | Reached skill level 1 in Spellcasting
 25901 | Lair:8   | Learned a level 6 spell: Haste
 26372 | Lair:8   | Reached skill level 5 in Spellcasting
 27374 | Lair:8   | Reached skill level 5 in Unarmed Combat
 27869 | D:9      | Killed a skeletal warrior
 27976 | Orc:1    | Entered Level 1 of the Orcish Mines
 28062 | Orc:1    | Found an iron altar of Okawaru.
 28062 | Orc:1    | Received a gift from Okawaru
 28186 | Orc:1    | Noticed Erolcha
 28194 | Orc:1    | Killed Erolcha
 28194 | Orc:1    | Reached skill level 13 in Fighting
 28929 | Orc:2    | Found a frozen archway.
 28934 | IceCv    | Entered an ice cave
 29560 | IceCv    | Reached XP level 15. HP: 135/135 MP: 22/22
 30331 | Orc:4    | Entered Level 4 of the Orcish Mines
 30430 | Orc:4    | Found a staircase to the Elven Halls.
 30587 | Orc:4    | Noticed Blork the orc
 30656 | Orc:3    | Killed Blork the orc
 30766 | Orc:3    | Found Uthisad's Book Emporium.
 31698 | Orc:4    | Found a roughly hewn altar of Beogh.
 31879 | Orc:4    | Found Hein's Jewellery Emporium.
 32100 | Orc:4    | Bought the ring "Xyuwey" {rElec EV+3 Dex+3} for 578 gold pieces
 32100 | Orc:4    | Bought the ring "Okawev" {+/*Tele rElec MR+ Str+2 Dex-3} for 490 gold pieces
 32242 | Orc:4    | Found Bokaakau's General Store.
 32248 | Orc:4    | Bought a scroll of enchant armour for 120 gold pieces
 32257 | Orc:4    | Found Ticus's Antique Weapon Emporium.
 32272 | Orc:4    | Found Gumyinte's Antique Armour Emporium.
 32483 | Orc:2    | Received a gift from Okawaru
 32824 | D:11     | Killed Maud
 33003 | D:11     | Killed an unseen horror
 33211 | D:12     | Found Wesikked's Armour Emporium.
 33214 | D:12     | Bought a +1 pair of boots of running for 547 gold pieces
 33214 | D:12     | Bought a +1 hat for 165 gold pieces
 33309 | D:12     | Killed a skeletal warrior
 33348 | D:12     | Killed a skeletal warrior
 33373 | D:12     | Killed a skeletal warrior
 33431 | D:12     | Found Reudaxto's Food Emporium.
 33446 | D:12     | Found Antaq's Magic Scroll Shop.
 33460 | D:12     | Bought a scroll of fog for 28 gold pieces
 33460 | D:12     | Bought a scroll of teleportation for 42 gold pieces
 33460 | D:12     | Bought a scroll of enchant armour for 105 gold pieces
 33460 | D:12     | Bought a scroll of enchant armour for 105 gold pieces
 33527 | D:12     | Killed an unseen horror
 33761 | D:13     | Noticed Nessos
 33776 | D:13     | Killed Nessos
 34062 | D:13     | Cast into the Abyss (a wizard)
 34062 | Abyss:1  | Found a corrupted altar of Lugonu.
 34246 | D:13     | Escaped the Abyss
 34259 | D:13     | Received a gift from Okawaru
 34311 | D:13     | Found a gate to the Vaults.
 34395 | D:13     | Learned a level 7 spell: Dragon Form
 34713 | D:13     | Noticed Rupert
 34717 | D:13     | Paralysed by Rupert for 2 turns
 34760 | D:13     | Killed Rupert
 34760 | D:13     | Reached skill level 14 in Fighting
 34808 | D:13     | Found a portal to a secret trove of treasure.
 35115 | D:14     | Found a shadowy altar of Dithmenos.
 35183 | D:14     | Reached skill level 10 in Unarmed Combat
 35609 | D:14     | Found a bloodstained altar of Trog.
 35638 | D:14     | Received a gift from Okawaru
 35823 | D:15     | Entered Level 15 of the Dungeon
 35889 | D:15     | Found Teul's Gadget Boutique.
 35915 | D:15     | Found a huge runed gate.
 35915 | D:15     | Found a huge runed gate.
 35915 | D:15     | Found a huge runed gate.
 35915 | D:15     | Found a huge runed gate.
 35915 | D:15     | Found a huge runed gate.
 35915 | D:15     | Found a huge runed gate.
 35915 | D:15     | Found a huge runed gate.
 35937 | D:15     | Found a huge runed gate.
 36303 | D:15     | Found a huge runed gate.
 36303 | D:15     | Found a huge runed gate.
 36303 | D:15     | Found a huge runed gate.
 36307 | D:15     | Found a huge runed gate.
 36369 | D:15     | Reached XP level 16. HP: 134/146 MP: 23/23
 36383 | D:15     | Found a huge runed gate.
 36383 | D:15     | Found a huge runed gate.
 36383 | D:15     | Found a huge runed gate.
 36385 | D:15     | Found a huge runed gate.
 36385 | D:15     | Found a huge runed gate.
 36388 | D:15     | Found a huge runed gate.
 36388 | D:15     | Found a huge runed gate.
 36388 | D:15     | Found a huge runed gate.
 36605 | D:15     | Found a huge runed gate.
 36606 | D:15     | Found a huge runed gate.
 36816 | D:15     | Found a staircase to the Depths.
 36909 | D:15     | Noticed a storm dragon
 36909 | D:15     | Noticed a tengu reaver
 36910 | D:15     | Noticed a tengu reaver
 37138 | D:14     | Killed a tengu reaver
 37444 | D:14     | Killed a storm dragon
 37753 | D:15     | Killed a tengu reaver
 37815 | D:15     | Received a gift from Okawaru
 38469 | Swamp:1  | Entered Level 1 of the Swamp
 38664 | Swamp:1  | Noticed Aizul
 38701 | Swamp:1  | Killed Aizul
 39198 | Swamp:1  | Reached skill level 15 in Fighting
 40791 | Swamp:3  | Received a gift from Okawaru
 41189 | Swamp:3  | Reached XP level 17. HP: 146/156 MP: 24/24
 41626 | Swamp:4  | Entered Level 4 of the Swamp
 41944 | Swamp:4  | Received a gift from Okawaru
 42058 | Swamp:4  | Reached skill level 1 in Evocations
 42273 | Swamp:4  | Noticed the 27-headed Lernaean hydra
 42802 | Swamp:4  | Killed the 27-headed Lernaean hydra
 42802 | Swamp:4  | Reached skill level 5 in Evocations
 42805 | Swamp:4  | Got a decaying rune of Zot
 43345 | Spider:1 | Entered Level 1 of the Spider Nest
 44875 | Spider:3 | Reached skill level 16 in Fighting
 45740 | Spider:3 | Received a gift from Okawaru
 45803 | Spider:4 | Entered Level 4 of the Spider Nest
 45823 | Spider:3 | Reached XP level 18. HP: 167/167 MP: 25/25
 45824 | Spider:3 | Reached skill level 5 in Invocations
 45824 | Spider:3 | Reached XP level 19. HP: 173/173 MP: 26/26
 46703 | Spider:4 | Noticed Kirke
 46759 | Spider:4 | Killed Kirke
 46936 | Spider:3 | Reached skill level 17 in Fighting
 47261 | Spider:4 | Received a gift from Okawaru
 47264 | Spider:4 | Got a polished demon whip {god gift}
 47265 | Spider:4 | Identified the +2 demon whip of Corruption {venom, +Rage rC+} (Okawaru gifted it to you on level 4 of the Spider Nest)
 47319 | Spider:4 | Reached skill level 15 in Unarmed Combat
 48031 | Spider:4 | Got a gossamer rune of Zot
 48512 | Vaults:1 | Entered Level 1 of the Vaults
 49037 | Vaults:1 | Received a gift from Okawaru
 49058 | Vaults:1 | Got a pitted buckler {god gift}
 49070 | Vaults:1 | Identified the +4 buckler "Ahyas" {rPois rN++} (Okawaru gifted it to you on level 1 of the Vaults)
 49118 | Vaults:1 | Reached skill level 1 in Stealth
 50135 | Vaults:1 | Reached skill level 18 in Fighting
 50998 | Vaults:2 | Found a staircase to the Crypt.
 51167 | Vaults:2 | Reached XP level 20. HP: 189/189 MP: 27/27
 51318 | Vaults:2 | Received a gift from Okawaru
 51319 | Vaults:2 | Got a pair of faintly glowing boots {god gift}
 51330 | Vaults:2 | Identified the +0 pair of boots "Lyumoz" {Dex+2} (Okawaru gifted it to you on level 2 of the Vaults)
 51596 | Vaults:2 | Reached skill level 15 in Dodging
 52730 | Vaults:1 | Reached skill level 19 in Fighting
 54269 | Vaults:3 | Received a gift from Okawaru
 55514 | Vaults:4 | Reached skill level 20 in Fighting
 56264 | Vaults:4 | Reached XP level 21. HP: 164/202 MP: 29/29
 57391 | Vaults:4 | Received a gift from Okawaru
 57429 | Vaults:4 | Got an ichor-stained hat {god gift}
 57440 | Vaults:4 | Identified the +1 hat "Piyngit" {rElec MP+9} (Okawaru gifted it to you on level 4 of the Vaults)
 58721 | Elf:1    | Entered Level 1 of the Elven Halls
 58858 | Elf:1    | Noticed Donald
 58883 | Elf:1    | Killed Donald
 59492 | Elf:2    | Found a magical portal.
 59534 | WizLab   | Entered Doroklohe's Tomb
 60044 | WizLab   | Gained mutation: Your magical capacity is low (-10% MP). [a neqoxec]
 60149 | Elf:2    | Found Sagh's Gadget Emporium.
 60165 | Elf:2    | Bought a wand of heal wounds (3) for 504 gold pieces
 60387 | Elf:2    | Found Ackic's Assorted Antiques.
 60404 | Elf:2    | Bought a scroll of teleportation for 60 gold pieces
 60404 | Elf:2    | Bought a potion of agility for 80 gold pieces
 60404 | Elf:2    | Bought 2 potions of might for 160 gold pieces
 60443 | Elf:2    | Found Jepussemn's Food Boutique.
 60553 | Elf:2    | Found Mocrya's Assorted Antiques.
 60578 | Elf:2    | Bought a potion of curing for 117 gold pieces
 60578 | Elf:2    | Bought a scroll of brand weapon for 780 gold pieces
 60591 | Elf:2    | Found a huge runed gate.
 60591 | Elf:2    | Found a huge runed gate.
 60591 | Elf:2    | Found a huge runed gate.
 60592 | Elf:2    | Found a huge runed gate.
 60593 | Elf:2    | Found a huge runed gate.
 60793 | Elf:2    | Reached skill level 15 in Transmutations
 61399 | Elf:3    | Entered Level 3 of the Elven Halls
 61872 | Elf:3    | Reached XP level 22. HP: 211/211 MP: 31/31
 62265 | Elf:3    | Identified Zouff's Collected Works on Confrontation and the Arsonist
 62810 | Elf:3    | Received a gift from Okawaru
 63471 | Vaults:5 | Entered Level 5 of the Vaults
 63546 | Vaults:5 | Reached skill level 10 in Spellcasting
 63762 | Vaults:5 | Got a wavering lead ring
 63764 | Vaults:5 | Identified the ring of Sov Egg {rC+ Str+4} (You found it on level 5 of the Vaults)
 63788 | Vaults:5 | Received a gift from Okawaru
 64064 | Vaults:5 | Reached skill level 21 in Fighting
 64079 | Vaults:5 | Noticed an ancient lich
 64096 | Vaults:5 | Got a fine cloak {god gift}
 64471 | Vaults:5 | Received a gift from Okawaru
 64474 | Vaults:5 | Reached XP level 23. HP: 220/220 MP: 30/33
 64503 | Vaults:5 | Noticed an ancient lich
 64749 | Vaults:5 | Identified the +1 cloak "Haennah" {rPois Dex+5} (Okawaru gifted it to you on level 5 of the Vaults)
 65023 | Vaults:5 | Killed an ancient lich
 65023 | Vaults:5 | Received a gift from Okawaru
 65328 | Vaults:5 | Reached XP level 24. HP: 228/228 MP: 33/33
 65382 | Vaults:5 | Killed an ancient lich
 65436 | Vaults:5 | Got a silver rune of Zot
 65453 | Vaults:5 | Got a scintillating amethyst amulet
 65454 | Vaults:5 | Identified the amulet "Jeuma" {Gourm rPois MR++ MP+9 Int-4} (You took it off a vault guard on level 5 of the Vaults)
 65526 | Vaults:5 | Noticed Uhlv's ghost (veteran MiBe)
 65533 | Vaults:5 | Killed Uhlv's ghost
 66378 | Depths:1 | Entered Level 1 of the Depths
 66378 | Depths:1 | Found a gateway to a ziggurat.
 66400 | Depths:1 | Found a gateway to Hell.
 66516 | Depths:1 | Received a gift from Okawaru
 66517 | Depths:1 | Got a faintly glowing glaive {god gift}
 67099 | Depths:1 | Found a one-way gate to the infinite horrors of the Abyss.
 67595 | Depths:1 | Reached XP level 25. HP: 237/237 MP: 34/34
 67694 | Depths:2 | Received a gift from Okawaru
 68268 | Depths:2 | Received a gift from Okawaru
 68269 | Depths:2 | Got a shimmering hat {god gift}
 68323 | Depths:2 | Identified the +2 hat of the Dolphin {MR+ rCorr} (Okawaru gifted it to you on level 2 of the Depths)
 69550 | Depths:3 | Found a one-way gate leading to the halls of Pandemonium.
 69986 | Depths:4 | Received a gift from Okawaru
 70181 | Depths:4 | Reached skill level 1 in Charms
 70185 | Depths:4 | Reached skill level 1 in Air Magic
 70524 | Depths:4 | Reached XP level 26. HP: 246/246 MP: 36/36
 70763 | Depths:4 | Noticed a juggernaut
 70768 | Depths:4 | Killed a juggernaut
 70801 | Depths:4 | Reached skill level 5 in Charms
 70813 | Depths:4 | Reached skill level 5 in Air Magic
 71489 | Depths:5 | Entered Level 5 of the Depths
 71493 | Depths:5 | Received a gift from Okawaru
 71572 | Depths:5 | Got a pitted bardiche {god gift}
 71573 | Depths:5 | Identified the +3 bardiche of Cepriecu {freeze, +Fly Int+7 Dex+4} (Okawaru gifted it to you on level 5 of the Depths)
 72339 | Depths:5 | Found a gate to the Realm of Zot.
 72520 | Depths:5 | Voluntarily entered the Abyss.
 72586 | Abyss:1  | Found a corrupted altar of Lugonu.
 73249 | Abyss:2  | Paralysed by accursed screaming for 1 turns
 74273 | Abyss:2  | Found a corrupted altar of Lugonu.
 74335 | Abyss:3  | Reached XP level 27. HP: 227/227 MP: 36/36
 74336 | Abyss:3  | Gained mutation: You tend to lose your temper in combat. [a cacodemon]
 74433 | Abyss:3  | Reached skill level 10 in Charms
 74512 | Abyss:4  | Received a gift from Okawaru
 74513 | Abyss:4  | Got a pair of polished boots {god gift}
 74527 | Abyss:4  | Identified the +2 pair of boots "Caciwui" {MP+9 Int-3 Slay+4 SInv} (Okawaru gifted it to you on level 4 of the Abyss)
 74739 | Abyss:4  | Gained mutation: You are very clumsy. (Dex -4) [a cacodemon]
 74861 | Abyss:4  | Reached skill level 10 in Air Magic
 74927 | Abyss:4  | Paralysed by accursed screaming for 1 turns
 74935 | Abyss:4  | Paralysed by accursed screaming for 1 turns
 74940 | Abyss:4  | Paralysed by accursed screaming for 1 turns
 75419 | Abyss:5  | Entered Level 5 of the Abyss
 75490 | Abyss:5  | Found a corrupted altar of Lugonu.
 75792 | Abyss:5  | Paralysed by accursed screaming for 1 turns
 75838 | Abyss:5  | Lost intelligence.
 75864 | Abyss:5  | Lost mutation: You are very clumsy. (Dex -4) [potion of cure mutation]
 75931 | Abyss:5  | Lost intelligence.
 76007 | Abyss:5  | Lost intelligence.
 76398 | Abyss:5  | Gained mutation: You often lose your temper in combat. [a cacodemon]
 76532 | Abyss:5  | Found a corrupted altar of Lugonu.
 76716 | Abyss:5  | Got an abyssal rune of Zot
 76943 | Abyss:5  | Received a gift from Okawaru
 77068 | Abyss:5  | Found a corrupted altar of Lugonu.
 77170 | Abyss:5  | Found a corrupted altar of Lugonu.
 77348 | Abyss:5  | Found a corrupted altar of Lugonu.
 77353 | Abyss:5  | Found a corrupted altar of Lugonu.
 77606 | Abyss:5  | Paralysed by accursed screaming for 1 turns
 77612 | Abyss:5  | Paralysed by accursed screaming for 1 turns
 77643 | Abyss:5  | Paralysed by accursed screaming for 1 turns
 77648 | Abyss:5  | Paralysed by accursed screaming for 1 turns
 77754 | Depths:5 | Escaped the Abyss
 77900 | Depths:4 | Reached skill level 22 in Fighting
 77950 | Depths:4 | Lost mutation: Your magical capacity is low (-10% MP). [potion of cure mutation]
 77950 | Depths:4 | Lost mutation: You often lose your temper in combat. [potion of cure mutation]
 77950 | Depths:4 | Lost mutation: You tend to lose your temper in combat. [potion of cure mutation]
 78642 | Slime:1  | Entered Level 1 of the Pits of Slime
 78645 | Slime:2  | Noticed Dissolution
 78655 | Slime:2  | Killed Dissolution
 78936 | Slime:6  | Entered Level 6 of the Pits of Slime
 78998 | Slime:6  | Noticed the royal jelly
 78999 | Slime:6  | Found a viscous altar of Jiyva.
 79223 | Slime:6  | Killed the royal jelly
 79223 | Slime:6  | Received a gift from Okawaru
 79651 | Slime:6  | Got a slimy rune of Zot
 79675 | Slime:6  | Got a vibrating amber ring
 79676 | Slime:6  | Identified the ring of Xoina {Str+3 Dex+2 Slay+2} (You found it on level 6 of the Pits of Slime)
 79690 | Slime:6  | Identified the Papyrus of the Snowflakes and the Voyage
 79874 | Slime:4  | Gained mutation: You expend magic power (3 MP) to strengthen your wands. [a shining eye]
 79895 | Slime:4  | Gained mutation: You tend to lose your temper in combat. [a shining eye]
 80376 | Temple   | Fell from the grace of Okawaru
 80376 | Temple   | Became a worshipper of the Shining One
 80674 | Crypt:1  | Entered Level 1 of the Crypt
 80696 | Crypt:1  | Reached * piety under the Shining One
 80994 | Crypt:1  | Reached ** piety under the Shining One
 81115 | Crypt:1  | Reached *** piety under the Shining One
 81270 | Crypt:1  | Reached **** piety under the Shining One
 81583 | Crypt:2  | Reached ***** piety under the Shining One
 82154 | Crypt:3  | Entered Level 3 of the Crypt
 82176 | Crypt:3  | Reached ****** piety under the Shining One
 82260 | Crypt:3  | Identified a +7 trishula of holy wrath (a +5 demon trident of flaming blessed by the Shining One)
 82260 | Crypt:3  | Received a gift from the Shining One
 82322 | Crypt:3  | Found an ancient bone altar of Kikubaaqudgha.
 82327 | Crypt:3  | Found a basalt altar of Yredelemnul.
 82439 | Crypt:3  | Found a staircase to the Tomb.
 82445 | Crypt:3  | Reached skill level 23 in Fighting
 83052 | Crypt:3  | Got a scintillating crystal amulet
 83060 | Crypt:3  | Identified the amulet of Suave {Gourm +Inv rN++ Int-5} (You found it on level 3 of the Crypt)
 83109 | Crypt:3  | Got a scintillating glass ring
 83123 | Crypt:3  | Identified the ring "Kikogiul" {rPois rC+} (You found it on level 3 of the Crypt)
 83321 | Tomb:1   | Entered Level 1 of the Tomb of the Ancients
 84239 | Tomb:1   | Was forgiven by Okawaru
 84838 | Tomb:2   | Noticed an ancient lich
 85173 | Tomb:1   | Lost mutation: You expend magic power (3 MP) to strengthen your wands. [potion of cure mutation]
 85173 | Tomb:1   | Lost mutation: You tend to lose your temper in combat. [potion of cure mutation]
 85173 | Tomb:1   | Lost mutation: You are resistant to hostile enchantments. [potion of cure mutation]
 85240 | Tomb:1   | Killed an ancient lich
 85787 | Tomb:2   | Lost intelligence.
 85887 | Tomb:1   | Lost intelligence.
 86166 | Tomb:1   | Lost intelligence.
 86350 | Tomb:2   | Lost intelligence.
 86557 | Tomb:2   | Reached skill level 10 in Invocations
 88352 | Tomb:1   | HP: 13/381 [jiangshi[a greater mummy] (13)]
 88658 | Tomb:2   | Reached skill level 15 in Invocations
 89814 | Tomb:3   | Entered Level 3 of the Tomb of the Ancients
 89817 | Tomb:3   | Noticed Sojobo
 90058 | Tomb:2   | Killed Sojobo
 91774 | Tomb:3   | Got a fine lapis lazuli ring
 91797 | Tomb:3   | Got a shimmering lapis lazuli ring
 91801 | Tomb:3   | Got a slimy tin ring
 91817 | Tomb:3   | Got a flickering steel amulet
 91818 | Tomb:3   | Identified the amulet of Fuggoef {Inacc Dex+3} (You found it on level 3 of the Tomb of the Ancients)
 91822 | Tomb:3   | Identified Ydaanah's Arcane Secrets of Witchcraft
 91850 | Tomb:3   | Got a pair of slimy gloves
 91852 | Tomb:3   | Got a shimmering amber ring
 91853 | Tomb:3   | Identified the +0 pair of gloves of Beyond {rN+} (You found it on level 3 of the Tomb of the Ancients)
 91855 | Tomb:3   | Identified the ring "Ruot Tie" {Fire rElec} (You found it on level 3 of the Tomb of the Ancients)
 91856 | Tomb:3   | Identified the ring of Fiset {+/*Tele rN+ SInv} (You found it on level 3 of the Tomb of the Ancients)
 91857 | Tomb:3   | Identified the ring "Acehola" {rElec Str+2} (You found it on level 3 of the Tomb of the Ancients)
 91858 | Tomb:3   | Identified the ring "Ikhlej Vuwas" {rC+ Str+7} (You found it on level 3 of the Tomb of the Ancients)
 91919 | Tomb:3   | Got a golden rune of Zot
 92985 | Depths:5 | Learned a level 8 spell: Controlled Blink
 93004 | Zot:1    | Entered Level 1 of the Realm of Zot
 93009 | Zot:1    | Reached skill level 1 in Translocations
 93283 | Zot:1    | Reached skill level 5 in Translocations
 93981 | Zot:2    | Reached skill level 10 in Translocations
 94825 | Zot:3    | Got a pair of twisted gloves
 94826 | Zot:3    | Identified the +4 pair of gloves "Othoi" {rElec rF- Regen+ SInv} (You found it on level 3 of the Realm of Zot)
 94974 | Zot:3    | Cast into the Abyss (a Zot trap)
 94991 | Abyss:1  | Paralysed by accursed screaming for 1 turns
 95079 | Abyss:1  | Noticed an ancient lich
 95093 | Abyss:1  | Found a corrupted altar of Lugonu.
 95098 | Zot:3    | Escaped the Abyss
 95705 | Zot:3    | Identified Ufyc's Grimoire of Helpful Conjuration
 96074 | Zot:4    | Reached skill level 15 in Translocations
 96663 | Zot:4    | Noticed an orb of fire
 96663 | Zot:4    | Gained mutation: You regenerate slowly when monsters are visible. [an orb of fire]
 96666 | Zot:4    | Gained mutation: Your body sometimes deteriorates upon taking damage. [an orb of fire]
 96667 | Zot:4    | Gained mutation: Your body often deteriorates upon taking damage. [an orb of fire]
 96672 | Zot:4    | Killed an orb of fire
 96991 | Zot:5    | Entered Level 5 of the Realm of Zot
 97656 | Zot:5    | Noticed an ancient lich
 97662 | Zot:5    | Killed an ancient lich
 97669 | Zot:5    | Noticed an orb of fire
 97676 | Zot:5    | Noticed an orb of fire
 97679 | Zot:5    | Gained mutation: Your spells are a little easier to cast, but a little less powerful. [an orb of fire]
 97680 | Zot:5    | Killed an orb of fire
 97692 | Zot:5    | Noticed an ancient lich
 97694 | Zot:5    | Killed an orb of fire
 97703 | Zot:5    | Killed an ancient lich
 97878 | Zot:5    | Noticed an ancient lich
 97886 | Zot:5    | Killed an ancient lich
 97891 | Zot:5    | Noticed an orb of fire
 97896 | Zot:5    | Killed an orb of fire
 97977 | Zot:5    | Noticed an ancient lich
 97983 | Zot:5    | Killed an ancient lich
 98045 | Zot:5    | Noticed an ancient lich
 98054 | Zot:5    | Killed an ancient lich
 98532 | Hell     | Entered the Vestibule of Hell
 98532 | Hell     | Noticed Geryon
 98590 | Hell     | Killed Geryon
 98688 | Hell     | Found a gateway to the ashen valley of Gehenna.
 98755 | Hell     | Found a gateway to the Iron City of Dis.
 98790 | Hell     | Found a gateway to the freezing wastes of Cocytus.
 98919 | Hell     | Found a gateway to the decaying netherworld of Tartarus.
 98982 | Coc:1    | Entered Level 1 of Cocytus
 99615 | Coc:7    | Entered Level 7 of Cocytus
 99698 | Coc:7    | Identified the Collected Works on Execration (You found it on level 7 of Cocytus)
 99706 | Coc:7    | Learned a level 5 spell: Silence
 99948 | Coc:7    | Noticed the Serpent of Hell
 99976 | Coc:7    | Reached skill level 24 in Translocations
100254 | Coc:7    | Killed the Serpent of Hell
100436 | Coc:7    | Noticed Antaeus
101702 | Coc:7    | Killed Antaeus
101806 | Coc:7    | Got an icy rune of Zot
102002 | Geh:1    | Entered Level 1 of Gehenna
103091 | Geh:7    | Entered Level 7 of Gehenna
103361 | Geh:7    | Reached skill level 25 in Unarmed Combat
103760 | Geh:7    | HP: 5/396 [hellion/burst of hellfire (28)]
104023 | Geh:7    | Got a transparent pewter ring
104027 | Geh:7    | Identified the ring "Mouseeroi" {*Contam Int+3 Dex+3 Stlth+} (You found it on level 7 of Gehenna)
104042 | Geh:7    | Noticed Asmodeus
104246 | Geh:7    | Killed Asmodeus
104256 | Geh:7    | Got an obsidian rune of Zot
104449 | Geh:7    | Gained mutation: You expend magic power (3 MP) to strengthen your wands. [mutagenic glow]
104596 | Hell     | Lost mutation: You expend magic power (3 MP) to strengthen your wands. [potion of cure mutation]
104596 | Hell     | Lost mutation: Your spells are a little easier to cast, but a little less powerful. [potion of cure mutation]
104596 | Hell     | Lost mutation: Your body often deteriorates upon taking damage. [potion of cure mutation]
104596 | Hell     | Lost mutation: You regenerate slowly when monsters are visible. [potion of cure mutation]
104596 | Hell     | Lost mutation: Your body sometimes deteriorates upon taking damage. [potion of cure mutation]
104612 | Dis:1    | Entered Level 1 of the Iron City of Dis
104726 | Dis:1    | Gained mutation: You are dopey. (Int -2) [a cacodemon]
105184 | Dis:3    | Reached skill level 26 in Unarmed Combat
106125 | Dis:4    | Gained mutation: You have a pair of small horns on your head. [mutagenic glow]
106625 | Dis:7    | Entered Level 7 of the Iron City of Dis
107339 | Dis:7    | Reached skill level 27 in Unarmed Combat
107828 | Dis:7    | Identified Visatoul's Papyrus of the Traveller
107910 | Dis:7    | Noticed Dispater
107929 | Dis:7    | Killed Dispater
107935 | Dis:7    | Gained mutation: You are very dopey. (Int -4) [a cacodemon]
108026 | Dis:7    | Got an iron rune of Zot
108342 | Tar:1    | Entered Level 1 of Tartarus
108398 | Tar:1    | Found a huge runed gate.
108399 | Tar:1    | Found a huge runed gate.
108400 | Tar:1    | Found a huge runed gate.
108400 | Tar:1    | Found a huge runed gate.
108401 | Tar:1    | Found a huge runed gate.
108401 | Tar:1    | Found a huge runed gate.
108402 | Tar:1    | Found a huge runed gate.
108783 | Tar:7    | Entered Level 7 of Tartarus
108783 | Tar:7    | Noticed Ereshkigal
108789 | Tar:7    | Reached skill level 27 in Fighting
108813 | Tar:7    | Killed Ereshkigal
108819 | Tar:7    | Got a bone rune of Zot
109964 | Depths:4 | Learned a level 5 spell: Phase Shift
109966 | Pan      | Entered Pandemonium
109995 | Pan      | Found an exit through the horrors of the Abyss.
110190 | Pan      | Found a huge runed gate.
110192 | Pan      | Found a huge runed gate.
110193 | Pan      | Found a huge runed gate.
110193 | Pan      | Found a huge runed gate.
110194 | Pan      | Found a huge runed gate.
110195 | Pan      | Found a huge runed gate.
110196 | Pan      | Found a huge runed gate.
110196 | Pan      | Found a huge runed gate.
110196 | Pan      | Found a huge runed gate.
110196 | Pan      | Found a huge runed gate.
110197 | Pan      | Found a huge runed gate.
110197 | Pan      | Found a huge runed gate.
110197 | Pan      | Found a huge runed gate.
110197 | Pan      | Found a huge runed gate.
110197 | Pan      | Found a huge runed gate.
110197 | Pan      | Found a huge runed gate.
110197 | Pan      | Found a huge runed gate.
110198 | Pan      | Found a huge runed gate.
110199 | Pan      | Found a huge runed gate.
110200 | Pan      | Found a huge runed gate.
110200 | Pan      | Found a huge runed gate.
110266 | Pan      | Noticed Zioniempa the pandemonium lord
111005 | Pan      | Got a slimy dagger
111006 | Pan      | Identified the +3 dagger of Terror {drain, rN+ Int+4} (You found it in Pandemonium)
111102 | Pan      | Noticed Itugaf the pandemonium lord
111109 | Pan      | Killed Itugaf the pandemonium lord
111164 | Pan      | Gained mutation: Your spells are a little easier to cast, but a little less powerful. [a neqoxec]
111166 | Pan      | Lost intelligence.
111220 | Pan      | Got a demonic rune of Zot
111340 | Pan      | Lost intelligence.
111461 | Pan      | Lost intelligence.
111476 | Pan      | Noticed Neer Pats the pandemonium lord
111477 | Pan      | Killed Neer Pats the pandemonium lord
111743 | Pan      | Lost intelligence.
112486 | Pan      | Identified a +9 rod of inaccuracy (11/11) (You took it off a corrupter in Pandemonium)
112634 | Pan      | Noticed Geidus the pandemonium lord
112635 | Pan      | Found an exit through the horrors of the Abyss.
112655 | Pan      | Killed Geidus the pandemonium lord
112752 | Pan      | Found a runed door.
112789 | Pan      | Noticed Fojonlur the pandemonium lord
112796 | Pan      | Gained mutation: You are frail (-10% HP). [a cacodemon]
112812 | Pan      | Killed Fojonlur the pandemonium lord
113257 | Pan      | Entered the realm of Gloorx Vloq.
113285 | Pan      | Found an exit through the horrors of the Abyss.
113496 | Pan      | Noticed Gloorx Vloq
114380 | Pan      | Killed Gloorx Vloq
114380 | Pan      | Reached skill level 27 in Dodging
114394 | Pan      | Got a dark rune of Zot
114553 | Pan      | Reached skill level 5 in Short Blades
114811 | Pan      | Found an exit through the horrors of the Abyss.
115002 | Pan      | Reached skill level 10 in Short Blades
115320 | Pan      | Noticed Hoyntuvi the pandemonium lord
115599 | Pan      | Noticed Put Roag the pandemonium lord
115614 | Pan      | Killed Put Roag the pandemonium lord
115653 | Pan      | Got a flickering turquoise ring
115675 | Pan      | Identified the ring of the Heavens {rC+ rN+ EV+2} (You found it in Pandemonium)
115784 | Pan      | Found an exit through the horrors of the Abyss.
115933 | Pan      | Entered the realm of Mnoleg.
115946 | Pan      | Found an exit through the horrors of the Abyss.
116003 | Pan      | Gained mutation: You are weak. (Str -2) [a neqoxec]
116004 | Pan      | Gained mutation: Your body sometimes deteriorates upon taking damage. [a neqoxec]
116081 | Pan      | Noticed Mnoleg
116095 | Pan      | Gained mutation: You occasionally shout uncontrollably at your foes. [a neqoxec]
116097 | Pan      | Killed Mnoleg
116111 | Pan      | Gained mutation: You are very frail (-20% HP). [a neqoxec]
116136 | Pan      | Got a glowing rune of Zot
116277 | Pan      | Gained mutation: You sometimes yell uncontrollably at your foes. [a neqoxec]
116350 | Pan      | Gained mutation: You expend magic power (3 MP) to strengthen your wands. [a neqoxec]
116381 | Pan      | Gained mutation: Your magical capacity is low (-10% MP). [a neqoxec]
116383 | Pan      | Noticed Ixze Boptu the pandemonium lord
116388 | Pan      | Killed Ixze Boptu the pandemonium lord
116432 | Depths:4 | Escaped Pandemonium
116969 | Temple   | Fell from the grace of the Shining One
116969 | Temple   | Became a worshipper of Zin the Law-Giver
116969 | Temple   | Reached * piety under Zin
116969 | Temple   | Reached ** piety under Zin
116969 | Temple   | Reached *** piety under Zin
116969 | Temple   | Reached **** piety under Zin
116969 | Temple   | Reached ***** piety under Zin
117100 | D:3      | Killed ZiggyStardust's ghost
117666 | Pan      | Entered Pandemonium
117790 | Pan      | Found an exit through the horrors of the Abyss.
118385 | Depths:3 | Escaped Pandemonium
118386 | Depths:3 | Donated 6125 gold pieces to Zin
118594 | D:14     | Reached ****** piety under Zin
118596 | D:13     | Received a gift from Zin
118596 | D:13     | Lost mutation: You have a pair of small horns on your head. [Zin's power]
118596 | D:13     | Lost mutation: Your body sometimes deteriorates upon taking damage. [Zin's power]
118596 | D:13     | Lost mutation: You are very dopey. (Int -4) [Zin's power]
118596 | D:13     | Lost mutation: You are dopey. (Int -2) [Zin's power]
118596 | D:13     | Lost mutation: You are very frail (-20% HP). [Zin's power]
118596 | D:13     | Lost mutation: You are frail (-10% HP). [Zin's power]
118596 | D:13     | Lost mutation: Your magical capacity is low (-10% MP). [Zin's power]
118596 | D:13     | Lost mutation: You sometimes yell uncontrollably at your foes. [Zin's power]
118596 | D:13     | Lost mutation: You occasionally shout uncontrollably at your foes. [Zin's power]
118596 | D:13     | Lost mutation: You are weak. (Str -2) [Zin's power]
118596 | D:13     | Lost mutation: Your spells are a little easier to cast, but a little less powerful. [Zin's power]
118596 | D:13     | Lost mutation: You expend magic power (3 MP) to strengthen your wands. [Zin's power]
118722 | D:8      | Bought a scroll of identify for 28 gold pieces
118722 | D:8      | Bought a phantom mirror for 420 gold pieces
118722 | D:8      | Bought a scroll of identify for 28 gold pieces
118722 | D:8      | Bought a scroll of recharging for 133 gold pieces
118722 | D:8      | Bought a beef jerky for 21 gold pieces
118898 | Temple   | Fell from the grace of Zin
118898 | Temple   | Became a worshipper of the Shining One
119369 | Pan      | Entered Pandemonium
119408 | Pan      | Found an exit through the horrors of the Abyss.
119420 | Pan      | Found an exit through the horrors of the Abyss.
119578 | Pan      | Noticed Upsyecos the pandemonium lord
119580 | Pan      | Found an exit through the horrors of the Abyss.
119602 | Pan      | Gained mutation: Your large and strong wings let you fly indefinitely. [potion of beneficial mutation]
119624 | Pan      | Found a huge runed gate.
119635 | Pan      | Noticed Ehomuex the pandemonium lord
119666 | Pan      | Killed Ehomuex the pandemonium lord
119708 | Pan      | Entered the realm of Cerebov.
119828 | Pan      | Identified the Collected Works on Transmutation and the Birds
119914 | Pan      | Got an ancient scythe
119915 | Pan      | Identified the +6 scythe of Imbalance {slice, +Rage rElec rC+++ Str-5} (You found it in Pandemonium)
119924 | Pan      | Noticed Cerebov
120137 | Pan      | Identified the Grimoire of Unholy Rites
120140 | Pan      | Got a clouded copper ring
120141 | Pan      | Identified the ring "Plog" {Int+2 Stlth-} (You found it in Pandemonium)
120213 | Pan      | Killed Cerebov
120221 | Pan      | Got a twitching ruby amulet
120222 | Pan      | Identified the amulet of Xom's Anger {rCorr *Drain Str+4 Int+2} (You took it off Cerebov in Pandemonium)
120224 | Pan      | Got a slimy fire dragon armour
120225 | Pan      | Identified the +1 fire dragon armour of Bedevilment {+Inv rElec rF++ rC- Str+2 Int-5} (You took it off Cerebov in Pandemonium)
120243 | Pan      | Got a fiery rune of Zot
120378 | Pan      | Noticed Lunames the pandemonium lord
120381 | Pan      | Killed Lunames the pandemonium lord
120407 | Pan      | Gained mutation: Your spells are a little easier to cast, but a little less powerful. [a neqoxec]
120492 | Pan      | Entered the realm of Lom Lobon.
120511 | Pan      | Found an exit through the horrors of the Abyss.
120837 | Pan      | Noticed Lom Lobon
120850 | Pan      | Killed Lom Lobon
120868 | Pan      | Got a magical rune of Zot
121458 | Pan      | Took an exit into the Abyss.
121458 | Abyss:1  | Escaped into the Abyss
121848 | Abyss:2  | Found a corrupted altar of Lugonu.
121882 | Abyss:2  | Paralysed by accursed screaming for 2 turns
121956 | Depths:3 | Escaped the Abyss
122325 | Zot:5    | Got the Orb of Zot
122668 | D:15     | Noticed Dionn the pandemonium lord
122745 | D:15     | Killed Dionn the pandemonium lord
122947 | D:8      | Noticed Ciumpero the pandemonium lord
122956 | D:8      | Killed Ciumpero the pandemonium lord
123110 | D:5      | Noticed a seraph
123143 | D:5      | Killed a seraph
123143 | D:5      | Reached skill level 27 in Invocations
123215 | D:5      | Noticed Jeshum the pandemonium lord
123279 | D:2      | Reached skill level 5 in Stealth
123331 | D:$      | Escaped with the Orb!

Action                   |  1- 3 |  4- 6 |  7- 9 | 10-12 | 13-15 | 16-18 | 19-21 | 22-24 | 25-27 || total
-------------------------+-------+-------+-------+-------+-------+-------+-------+-------+-------++-------
Melee: Trident           |   152 |   246 |   625 |  1395 |  1679 |       |       |       |       ||  4097
       Demon trident     |       |       |       |       |  1806 |  2115 |  3526 |   110 |   199 ||  7756
       Unarmed           |       |       |       |       |    27 |       |   287 |   601 |  7391 ||  8306
       Bardiche          |       |       |       |       |       |       |       |       |   781 ||   781
 Cast: Blade Hands       |       |       |       |       |     2 |       |    17 |       |    34 ||    53
       Dragon Form       |       |       |       |       |       |       |     4 |    42 |   368 ||   414
       Haste             |       |       |       |       |       |       |       |       |    37 ||    37
       Controlled Blink  |       |       |       |       |       |       |       |       |    27 ||    27
       Deflect Missiles  |       |       |       |       |       |       |       |       |    20 ||    20
       Phase Shift       |       |       |       |       |       |       |       |       |    13 ||    13
Invok: Heroism           |       |       |       |       |     3 |     6 |     2 |     1 |     1 ||    13
       Finesse           |       |       |       |       |     1 |     4 |     2 |     1 |     2 ||    10
       Cleansing Flame   |       |       |       |       |       |       |       |       |    11 ||    11
       Donate Gold       |       |       |       |       |       |       |       |       |     2 ||     2
       Cure All Mutation |       |       |       |       |       |       |       |       |     1 ||     1
       Brand Weapon With |       |       |       |       |       |       |       |       |     1 ||     1
 Abil: Evoke Invisibilit |       |       |       |       |       |     8 |       |       |       ||     8
       Turn Visible      |       |       |       |       |       |     1 |       |       |       ||     1
       End Transformatio |       |       |       |       |       |       |     1 |     1 |     5 ||     7
       Evoke Teleportati |       |       |       |       |       |       |       |       |    16 ||    16
       Evoke Flight      |       |       |       |       |       |       |       |       |     1 ||     1
Evoke: Deck              |       |       |       |     6 |       |       |       |       |     1 ||     7
       Wand              |       |       |       |       |     3 |    14 |       |     4 |    76 ||    97
  Use: Potion            |       |     2 |       |     1 |    12 |     1 |     7 |     6 |    42 ||    71
       Scroll            |       |       |    17 |     4 |    17 |     4 |    13 |    17 |    93 ||   165
 Stab: Sleeping          |     4 |       |    12 |    11 |    20 |     9 |     9 |     1 |     2 ||    68
       Distracted        |       |     1 |       |     2 |     3 |     1 |     5 |     1 |    14 ||    27
       Invisible         |       |       |       |     5 |       |    22 |       |       |       ||    27
       Confused          |       |       |       |       |       |     7 |       |       |     1 ||     8
       Petrifying        |       |       |       |       |       |       |       |     1 |     1 ||     2
       Paralysed         |       |       |       |       |       |       |       |       |     2 ||     2
  Eat: Chunk             |     4 |     8 |    21 |    25 |    56 |    21 |    52 |    48 |   290 ||   525
       Fruit             |       |       |     1 |       |       |       |       |     6 |    14 ||    21
       Royal jelly       |       |       |       |     1 |     1 |       |     1 |       |     7 ||    10
       Beef jerky        |       |       |       |       |     3 |     1 |     3 |     4 |     7 ||    18
       Pizza             |       |       |       |       |     1 |     2 |     1 |       |     5 ||     9
       Meat ration       |       |       |       |       |       |     2 |       |     1 |    17 ||    20
       Bread ration      |       |       |       |       |       |       |     1 |     1 |    22 ||    24
